 Dungeon Crawl Stone Soup version 0.21-a0-59-g7b0e191 (webtiles) character file.

42 Ijustatesigmund the Sneak (level 3, -2/24 HPs)
             Began as an Octopode Assassin on June 16, 2017.
             Killed by nerve-wracking pain
             ... invoked by Jessica
              (13 damage)
             ... on level 2 of the Dungeon.
             The game lasted 00:02:15 (907 turns).

Ijustatesigmund the Sneak (Octopode Assassin)        Turns: 907, Time: 00:02:16

Health: -2/24      AC:  1    Str: 10    XL:     3   Next: 54%
Magic:  3/3        EV: 13    Int: 13    God:
Gold:   79         SH:  0    Dex: 14    Spells: 2/2 levels left

rFire    . . .     SeeInvis .   a - +2 dagger
rCold    . . .     Gourm    .   (no shield)
rNeg     . . .     Faith    .   (helmet restricted)
rPois    .         Spirit   .   (no amulet)
rElec    .         Reflect  .   (no ring)
rCorr    .         Harm     .   (no ring)
MR       .....                  (no ring)
Stlth    ++++......             (no ring)
HPRegen  0.08/turn              (no ring)
MPRegen  0.08/turn              (no ring)
                                (no ring)
                                (no ring)

@: no status effects
A: almost no armour, stealthy swim, amphibious, 8 rings, constrict 8, camouflage
1, gelatinous body 1
a: no special abilities


You were on level 2 of the Dungeon.
You were not hungry.

You visited 1 branch of the dungeon, and saw 2 of its levels.

You collected 79 gold pieces.

Inventory:

Hand Weapons
 a - a +2 dagger (weapon)
 b - a +0 blowgun
Missiles
 c - 8 poisoned needles
 d - 2 curare-tipped needles
Scrolls
 e - a scroll of immolation
 i - a scroll of identify {unknown}
 k - a scroll of amnesia {unknown}
 l - a scroll of teleportation {unknown}
Potions
 j - a potion of cancellation
Comestibles
 f - 5 bread rations
 g - 2 meat rations
 h - 2 royal jellies


   Skills:
 + Level 2.2 Fighting
 + Level 2.2 Short Blades
 + Level 2.5 Throwing
 + Level 1.7 Dodging
 + Level 5.8 Stealth


You had 2 spell levels left.
You didn't know any spells.

Dungeon Overview and Level Annotations

Branches:
Dungeon (2/15)

Altars:
Ashenzari
Uskayaw
The Shining One

Annotations:
D:2 Jessica


Innate Abilities, Weirdness & Mutations

You cannot wear most types of armour.
You are very stealthy in the water. (Stealth+)
You are amphibious.
You can wear up to eight rings at the same time.
You can use your tentacles to constrict eight enemies at once.
Your skin changes colour to match your surroundings (Stealth+).
Your rubbery body absorbs attacks. (AC +1, EV +1)


Message History

You are too injured to fight recklessly!
You are too injured to fight recklessly!
You are too injured to fight recklessly!
You are too injured to fight recklessly!
Okay, then.
You hit Jessica. You grab Jessica. Your squeeze misses Jessica.
Jessica is heavily wounded.
You constrict Jessica, but do no damage.
Jessica misses you.
You hit Jessica.
Jessica is severely wounded.
You constrict Jessica.
Jessica gestures wildly while chanting.
Jessica blinks free!
You hit Jessica. Your grab misses Jessica.
Jessica is almost dead.
Jessica gestures at you while chanting. Pain shoots through your body!
Ouch! That really hurt!
You die...

........... #.#..#.# #####
##†..#.##.+# #.#)#..#.#
.##+.#.⌠#..### #.#.#..#.#
........#....# #.#.#..#.#
........#.##.# #.#.#..#.#
.......#...#.# #.#.#..#.#
..._..(+.....###.#.#
..)....#.......#.#.#######
.......###.#.#.#@#.......#
........#....#.#@#######.#
.##+##.⌠...###+#.# ###.###
# #.#..#....†.# #..<..#
#....#......# #.....#
#...##......# #.....+
#.#.#####.#.# #.....#
...#.# #.#.# #.....#
....#. #.#.# #.....#


You could see Jessica.

Vanquished Creatures
  An adder (D:2)
  A dart slug (D:1)
  4 bats
  2 giant cockroaches
  3 goblins
  4 hobgoblins
  4 jackals (D:2)
  3 kobolds
  4 frilled lizards
  2 rats
28 creatures vanquished.

Notes
Turn   | Place    | Note
-------+----------+-------------------------------------------
     0 | D:1      | Ijustatesigmund the Octopode Assassin began the quest for the Orb.
     0 | D:1      | Reached XP level 1. HP: 14/14 MP: 1/1
   146 | D:1      | Reached XP level 2. HP: 19/19 MP: 2/2
   677 | D:2      | Reached XP level 3. HP: 17/24 MP: 3/3
   717 | D:2      | Found a glowing golden altar of the Shining One.
   754 | D:2      | Found a hide-covered altar of Uskayaw.
   754 | D:2      | Noticed an enchanted dagger
   754 | D:2      | Noticed a hand axe
   830 | D:2      | Found a shattered altar of Ashenzari.
   898 | D:2      | Noticed Jessica
   907 | D:2      | Killed from afar by Jessica

Vault maps used:
D:1:      mrwooster_arrival_statue_3
D:2:      evilmike_ruin_ashenzari, dancing_weapons_uskayaw, tso_metal_star,
          uniq_jessica

Action                   || total
-------------------------++-------
Melee: Dagger            ||    50
       Constrict         ||    13
       Tentacles         ||     5
  Use: Potion            ||     3
       Scroll            ||     1
 Stab: Sleeping          ||    12
       Distracted        ||     1
Armor: Skin              ||     3
Dodge: Dodged            ||    23
